Cogmind - Beta 16.1 @@@ ROGUE MODE // 2026.03.24 @ 09:52:33 Player: Wulphy Result: Self-destructed Performance ------------- Evolutions (7) 3500 Regions Visited (21) 4200 Robots Destroyed (259) 1295 Value Destroyed (11714) 11714 Prototype IDs (47) 940 Alien Tech Used (1) 200 Bonus (4546) 4546 TOTAL SCORE: 26395 Bonus ------- High Alert Combat Kills 1469 Follower Combat Kills 446 Registered with UFD 300 Met Optimus in HQ 500 Met Data Miner 300 Met Zhirov 300 Met Warlord at Base 500 MAIN.C Attacked Warlord 500 Warlord Defense Kills 288 Friendly Fire -57 Cogmind --------- Core Integrity 1013/1300 Matter 290/300 Energy 351/550 System Corruption 46% Temperature Critical (565) Movement Walking (186) Ox1 Location -3/Research Parts ------- > --- POWER (2) -------- Reinforced Fission Core Heavy Antimatter Reactor > --- PROPULSION (6) --- Flexi-carbon Leg Flexi-carbon Leg Flexi-carbon Leg Biometal Leg > --- UTILITY (9) ------ High-capacity Storage Unit Precision Energy Filter Nanoactuators Nanoactuators Thermal Barrier > --- WEAPON (4) ------- Long-range Proton Cannon HERF Cannon Nova Cannon Phasing Sabre > --- INVENTORY (20) --- Reinforced Antimatter Reactor Light Particle Reactor Flexi-carbon Leg Experimental Coolant Injector Deep Structural Scanner Launcher Loader Improved Point Defense System Advanced Component Analysis Suite Transdimensional Reconstructor Advanced Variable Charge Gun Helical Railgun Linear Accelerator Peak State ------------ > --- POWER ------------ Reinforced Fission Core Heavy Antimatter Reactor > --- PROPULSION ------- Heavy Treads Advanced Medium Treads Heavy Siege Treads Flexi-carbon Leg > --- UTILITY ---------- Advanced Heat Sink Experimental Coolant Injector Deep Structural Scanner Nanoactuators Nanoactuators Advanced Transmission Jammer Improved Medium Armor Plating Thermal Barrier Advanced Force Field > --- WEAPON ----------- HERF Cannon Matter Neutralizer Power Maul Phasing Sabre > --- INVENTORY -------- Medium Treads Transdimensional Reconstructor Advanced Variable Charge Gun HERF Cannon Advanced Datajack [Rating: 141] Favorites ----------- Power Neutrino Core Engine Ion Engine Power Core Neutrino Core Reactor Vortex Chain Reactor Propulsion Armored Huge Wheel Treads Medium Treads Leg Flexi-carbon Leg Wheel Armored Huge Wheel Utility High-capacity Storage Unit Device Seismic Detector Storage High-capacity Storage Unit Processor Advanced Targeting Computer Hackware Advanced Hacking Suite Protection Layered Heavy Armor Plating Weapon Hypervelocity Gauss Cannon Energy Gun Advanced Variable Charge Gun Energy Cannon Matter Neutralizer Ballistic Gun Subdweller Machine Gun Ballistic Cannon Hypervelocity Gauss Cannon Launcher Heavy Shock Bomb Launcher Special Weapon Mining Laser Impact Weapon Power Maul Slashing Weapon Makeshift Axe Special Melee Weapon Advanced Datajack Build | -11 -10 -10 -8 -6 -6 -6 -6 -5 -5 -5 -5 -5 -4 -4 -4 -4 -4 -4 -4 -3 -3 ------- Run | Yrd Mat Sub Scr Fac Low Low Dat Pro Fac Upp Upp War Pro Fac Was Fac Upp Upp Zhi Pro Res Slots Evolved 14 | . . . . 8 . . . . 2 . . . . 2 . . . . . . 2 Power 1 | . . . . 1 . . . . . . . . . . . . . . . . . Propulsion 4 | . . . . 3 . . . . . . . . . 1 . . . . . . . Utility 7 | . . . . 2 . . . . 2 . . . . 1 . . . . . . 2 Weapon 2 | . . . . 2 . . . . . . . . . . . . . . . . . Parts Attached 223 | 6 9 14 2 24 . 4 . 3 43 1 5 5 4 35 . 22 7 7 2 1 29 Power 19 | 1 1 1 1 3 . . . 1 5 . . 1 . 2 . 2 . . 1 . . Engine 7 | 1 1 1 1 2 . . . . 1 . . . . . . . . . . . . Core 10 | . . . . 1 . . . 1 4 . . . . 2 . 2 . . . . . Reactor 2 | . . . . . . . . . . . . 1 . . . . . . 1 . . Propulsion 52 | 2 . 3 1 8 . 2 . . 11 1 2 1 2 3 . 4 1 1 . . 10 Treads 21 | 2 . 1 . 4 . . . . 4 . 1 . 2 1 . 4 1 1 . . . Leg 10 | . . . . . . . . . . . . . . 1 . . . . . . 9 Wheel 21 | . . 2 1 4 . 2 . . 7 1 1 1 . 1 . . . . . . 1 Hover . | . . . . . . . . . . . . . . . . . . . . . . Flight . | . . . . . . . . . . . . . . . . . . . . . . Utility 89 | 1 6 2 . 8 . . . 1 15 . 1 2 . 17 . 9 5 4 1 1 16 Device 58 | . 3 1 . 6 . . . 1 8 . 1 2 . 13 . 6 3 3 . 1 10 Storage 10 | 1 2 1 . 1 . . . . . . . . . 2 . . 1 . . . 2 Processor 8 | . . . . . . . . . 2 . . . . . . 1 . 1 . . 4 Hackware 1 | . . . . . . . . . 1 . . . . . . . . . . . . Protection 12 | . 1 . . 1 . . . . 4 . . . . 2 . 2 1 . 1 . . Artifact . | . . . . . . . . . . . . . . . . . . . . . . Weapon 63 | 2 2 8 . 5 . 2 . 1 12 . 2 1 2 13 . 7 1 2 . . 3 Energy Gun 18 | . . 1 . 3 . . . . 2 . . 1 . 9 . 2 . . . . . Energy Cannon 12 | . . . . . . 1 . . 1 . 1 . 2 . . 4 . 1 . . 2 Ballistic Gun 14 | 2 1 5 . 2 . 1 . 1 2 . . . . . . . . . . . . Ballistic Cannon 8 | . . . . . . . . . 4 . . . . 4 . . . . . . . Launcher 5 | . . 1 . . . . . . 3 . 1 . . . . . . . . . . Special Weapon 1 | . 1 . . . . . . . . . . . . . . . . . . . . Impact Weapon 1 | . . . . . . . . . . . . . . . . . 1 . . . . Slashing Weapon 3 | . . 1 . . . . . . . . . . . . . 1 . 1 . . . Piercing Weapon . | . . . . . . . . . . . . . . . . . . . . . . Special Melee Weapon 1 | . . . . . . . . . . . . . . . . . . . . . 1 Unidentified Prototypes 9 | . . . . 1 . . . . . . . 4 . 1 . . . . 3 . . Corrupted Parts 2 | . . . . . . . . . . . . . 2 . . . . . . . . System Corruption 20 | . . . . . . . . . . . . . 20 . . . . . . . . Parts Lost 70 | . . 7 . 11 2 . . 1 6 1 . . 3 12 2 3 2 . . 1 19 Power 3 | . . 1 . 1 . . . . 1 . . . . . . . . . . . . Propulsion 24 | . . 2 . 5 1 . . . 4 1 . . . 4 . 1 . . . . 6 Utility 29 | . . 1 . 1 . . . 1 1 . . . 1 8 1 2 2 . . 1 10 Weapon 14 | . . 3 . 4 1 . . . . . . . 2 . 1 . . . . . 3 Highest Loss Streak 9 | . . 3 . 6 2 . . 1 3 1 . . 3 4 2 1 1 . . 1 9 To Critical Strikes 1 | . . . . . . . . . . . . . . . 1 . . . . . . Average Backups 13 | 2 11 14 13 16 17 15 15 14 15 15 16 15 12 12 10 4 5 5 4 5 13 Power . | . . . . . . . . . . . . . . . . . . . . . . Propulsion 2 | 1 2 3 4 3 3 3 4 4 2 1 1 1 1 . 1 . . . 1 1 . Utility 6 | . 3 5 2 6 8 6 6 5 7 8 9 9 7 6 6 3 2 1 1 1 7 Weapon 3 | . 4 5 4 4 4 3 3 3 3 3 3 3 3 3 2 . 2 3 2 2 3 Tool/Special . | . . . . . . . . . . . . . . . . . . . . . . Unused Backups 62 | . 1 9 5 . . 3 . . 13 . 2 7 1 3 4 1 . 1 . . 12 Power 8 | . 1 . 1 . . 1 . . . . 1 . . 1 . 1 . . . . 2 Propulsion 15 | . . 3 3 . . . . . 4 . 1 . . . 1 . . 1 . . 2 Utility 24 | . . 3 1 . . 2 . . 6 . . 5 . 1 2 . . . . . 4 Weapon 12 | . . 3 . . . . . . 2 . . 2 1 . 1 . . . . . 3 Tool/Special 3 | . . . . . . . . . 1 . . . . 1 . . . . . . 1 Average Slot Usage (%) 88 | . 98 99 98 92 84 82 80 80 82 85 85 86 80 88 81 86 87 89 78 88 94 Engine 4 | . 14 14 14 10 6 6 6 . 2 . . . . . . . . . . . . Core 5 | . . . . 1 6 6 6 12 6 11 11 8 . 3 10 10 10 10 6 5 4 Treads 11 | . 28 16 . 11 22 12 6 6 8 5 9 11 11 13 8 19 21 21 21 21 2 Leg 1 | . . . . . . . . . . . . . . . . . . . . . 23 Wheel 10 | . . 11 28 17 6 12 13 13 9 14 12 11 11 9 10 3 . . . . . Device 16 | . 7 11 14 15 13 13 13 13 11 11 11 10 10 24 24 31 30 30 27 26 26 Storage 6 | . 14 15 12 6 6 6 6 6 5 5 5 5 5 5 8 1 . . . . 3 Processor 2 | . . . . . . . . . 3 5 5 5 5 2 . . . . . . 7 Protection 2 | . 4 1 . 2 . . . . 4 5 3 5 5 2 . . 3 5 7 9 1 Energy Gun 2 | . . 3 . 8 6 6 6 6 2 . . . . 9 17 13 . . . . . Energy Cannon 3 | . . . . . . 3 6 4 2 4 4 5 6 4 . 4 10 10 . 10 8 Ballistic Gun 6 | . 27 18 14 13 15 13 13 14 5 . . . . . . . . . . . . Ballistic Cannon 5 | . . . . . . . . . 11 17 16 17 14 6 . . . . . . . Slashing Weapon 2 | . . 4 14 2 . . . . . . . . . . . . 4 4 5 5 4 Peak Build Rating 141 | 6 8 30 30 59 61 73 73 78 94 93 97 106 116 132 128 119 118 124 123 128 141 Average Rating 77 | 5 7 12 25 45 58 67 73 75 85 85 91 90 103 110 111 106 111 116 106 125 126 On Entrance 76 | . 6 8 30 23 58 57 73 73 75 89 84 86 106 113 128 91 110 112 118 123 127 Avg Prop Armor Cover (%) 8 | . . 13 . 8 1 10 7 7 5 4 7 7 7 13 18 16 . . . . 4 Naked Turns . | . . . . . . . . . . . . . . . . . . . . . . Heaviest Build 138 | 10 31 112 98 117 85 92 92 92 129 130 134 138 137 138 89 85 74 76 79 80 133 Greatest Support 198 | 40 40 40 32 90 90 70 56 56 143 54 54 38 44 83 44 193 198 198 198 198 198 Greatest Overweight (x) 12 | . . 3 3 10 1 2 1 1 12 3 3 3 3 3 2 4 . . . . 1 Average Overweight (x) 1 | . . 1 2 1 . 1 1 1 1 2 2 3 3 1 1 . . . . . . Largest Inventory Capacity 25 | 8 15 25 25 25 20 20 20 20 20 20 20 20 20 20 20 5 5 5 5 5 20 Average Capacity 17 | 7 12 16 23 20 20 20 20 20 20 20 20 20 20 20 15 5 5 5 5 5 17 Most Carried 25 | 4 15 25 25 24 20 20 20 20 20 20 20 20 20 20 20 5 5 5 5 5 20 Average Carried 16 | 2 11 15 21 18 19 19 20 19 19 19 19 19 19 19 15 4 4 4 4 5 14 Final Capacity 25 | 8 15 25 25 20 20 20 20 20 20 20 20 20 20 20 5 5 5 5 5 5 20 Final Carried 25 | 4 15 25 25 18 20 20 20 20 20 20 19 20 20 20 5 5 5 5 5 5 13 Scrap Suit Usage (%) 4 | . . . . 9 . 35 . 76 1 . . . . . . . . . . . . Parts Cannibalized 12 | . . . . 5 . 4 . 3 . . . . . . . . . . . . . Class Distribution -------------------- 20% | Mutant 15% | Scavenger-Gunner 12% | Scavenger-Gladiator 9% | Scavenger-Tank 8% | Scientist-Gunner 8% | Tank 6% | Gunner 3% | Derelict-Gunner Dominant Class ---------------- Mutant | -10/Materials Mutant | -10/Subcaves Mutant | -8/Scraptown Derelict-Skirmisher | -6/Factory Scavenger-Gunner | -6/Lower Caves Scavenger-Gunner | -6/Lower Caves Gunner | -6/Data Miner Derelict-Gunner | -5/Proximity Caves Tank | -5/Factory Scientist-Gunner | -5/Upper Caves Scientist-Gunner | -5/Upper Caves Scavenger-Gunner | -5/Warlord Gunner | -4/Proximity Caves Scavenger-Tank | -4/Factory Infiltrator-Tank | -4/Waste Scavenger-Tank | -4/Factory Scavenger-Gladiator | -4/Upper Caves Scavenger-Gladiator | -4/Upper Caves Infiltrator-Gladiator | -4/Zhirov Infiltrator-Gladiator | -3/Proximity Caves Scavenger-Gladiator | -3/Research Resources | -11 -10 -10 -8 -6 -6 -6 -6 -5 -5 -5 -5 -5 -4 -4 -4 -4 -4 -4 -4 -3 -3 ----------- Run | Yrd Mat Sub Scr Fac Low Low Dat Pro Fac Upp Upp War Pro Fac Was Fac Upp Upp Zhi Pro Res Matter Collected 10410 | 226 425 405 30 410 194 134 . 373 2198 126 2525 627 193 962 . 486 189 177 . 256 474 Remotely 3438 | . . . . . . . . . 222 . 1835 627 153 601 . . . . . . . Salvage Created 13276 | . 590 337 . 545 526 40 . 473 3299 70 1238 163 1000 1389 . 1169 231 334 . 537 1335 Parts 599 | . 45 30 . 23 14 . . 28 138 3 41 9 37 70 . 58 15 9 . 19 60 Haulers Intercepted 6 | . 2 . . . . . . . 4 . . . . . . . . . . . . Recyclers Shooed 15 | . 1 . . 3 . . . . 7 . . . . 3 . 1 . . . . . Parts Field Recycled . | . . . . . . . . . . . . . . . . . . . . . . Retrieved Matter . | . . . . . . . . . . . . . . . . . . . . . . Parts Self-Destructed 121 | . . 8 . . 20 9 . 24 . . 34 . 8 . . . 4 7 . 7 . Prevented 57 | . . . . . . 3 . . . 3 9 . 25 . . . 2 4 . 11 . Parts Restored . | . . . . . . . . . . . . . . . . . . . . . . Kills | -11 -10 -10 -8 -6 -6 -6 -6 -5 -5 -5 -5 -5 -4 -4 -4 -4 -4 -4 -4 -3 -3 ------- Run | Yrd Mat Sub Scr Fac Low Low Dat Pro Fac Upp Upp War Pro Fac Was Fac Upp Upp Zhi Pro Res Combat Hostiles Destroyed 223 | . 16 11 . 8 10 1 . 12 45 1 19 3 16 34 . 17 2 2 . 8 18 Melee 17 | . . . . . . . . . . . . . . . . . 1 1 . 1 14 Guns 93 | . 16 10 . 8 10 1 . 12 10 . . . . 18 . 8 . . . . . Cannons 57 | . . . . . . . . . 20 . 10 3 1 13 . 5 . . . 5 . AOE 31 | . . 1 . . . . . . 13 . 7 . 10 . . . . . . . . Classes Destroyed 24 | . 4 1 . 3 1 . . 1 5 . 5 1 . 1 . 1 1 . . . . Worker 4 | . . . . . . . . . 2 . . . . 1 . 1 . . . . . Builder 8 | . . . . . . . . . 7 . . . . . . 1 . . . . . Tunneler 2 | . . . . . . . . . . . . . . . . 1 . . . . 1 Hauler 6 | . 2 . . . . . . . 4 . . . . . . . . . . . . Recycler 9 | . 1 . . 1 . . . . 5 . . . . 1 . . . . . . 1 Carrier 1 | . . . . . . . . . . . 1 . . . . . . . . . . Mechanic 1 | . . . . . . . . . . . 1 . . . . . . . . . . Operator 1 | . . . . . . . . . . . . . . 1 . . . . . . . Drone 3 | . . . . . . . . 1 . . . . . . . . . . . 2 . Watcher 2 | . . . . . . . . . 2 . . . . . . . . . . . . Swarmer 65 | . 9 4 . . 2 . . 8 12 . 5 . 6 19 . . . . . . . Grunt 65 | . 7 . . 3 4 1 . 2 12 . 7 1 9 . . 6 . . . 5 8 Brawler 6 | . . . . . 2 . . 1 . . 2 . . . . . . . . . 1 Duelist 4 | . . . . . . . . . . . 2 . . . . 2 . . . . . Protector 2 | . . . . . . . . . . . . 2 . . . . . . . . . Sentry 20 | . . . . 2 2 . . 1 6 . 1 . 1 4 . 1 1 . . . 1 Demolisher 1 | . . . . . . . . . . . 1 . . . . . . . . . . Hunter 13 | . . . . 2 . . . . 3 1 . . . 2 . 2 . 1 . . 2 Programmer 34 | . . . . . . . . . 11 . 1 . . 8 . 5 1 1 . 1 6 Heavy 1 | . . . . 1 . . . . . . . . . . . . . . . . . Behemoth 3 | . . . . . . . . . 1 . . . . 1 . 1 . . . . . Subdweller 7 | . . 7 . . . . . . . . . . . . . . . . . . . Decomposer 1 | . . . . . . . . . . . 1 . . . . . . . . . . Samaritan 3 | . . . . . . . . . . . . . . . . . 2 1 . . . Mutant 1 | . . . . . . . . . . . 1 . . . . . . . . . . Best Kill Streak 16 | . 5 4 . 4 4 1 . 5 13 1 5 2 16 8 . 8 1 1 . 4 4 Combat Bots Only 16 | . 5 4 . 3 4 1 . 5 9 1 5 2 16 8 . 7 1 1 . 4 4 Max Kills in Single Turn 6 | . 1 1 . 1 1 1 . 2 6 1 3 1 2 2 . 2 1 1 . 1 1 Gunslinging 1 | . . . . . . . . 1 . . . . . 1 . . . . . . . Exploded 4 | . . 1 . . . . . . 4 . 3 . 2 . . . . . . . . Melee 1 | . . . . . . . . . . . . . . . . . 1 1 . 1 1 Uniques/NPCs Destroyed . | . . . . . . . . . . . . . . . . . . . . . . Combat | -11 -10 -10 -8 -6 -6 -6 -6 -5 -5 -5 -5 -5 -4 -4 -4 -4 -4 -4 -4 -3 -3 -------- Run | Yrd Mat Sub Scr Fac Low Low Dat Pro Fac Upp Upp War Pro Fac Was Fac Upp Upp Zhi Pro Res Hostile Shots Fired 1398 | . 76 60 . 101 52 6 . 57 244 3 19 6 70 238 2 183 30 8 . 28 215 Missed 397 | . 25 17 . 29 20 4 . 22 74 . 3 2 30 60 . 35 10 4 . 6 56 Hits 1001 | . 51 43 . 72 32 2 . 35 170 3 16 4 40 178 2 148 20 4 . 22 159 Melee 18 | . . . . . . . . . . . 1 . . . 2 4 . . . . 11 Projectile 983 | . 51 43 . 72 32 2 . 35 170 3 15 4 40 178 . 144 20 4 . 22 148 AOE 6 | . . . . . . . . . . . 1 5 . . . . . . . . . Critical Strikes 42 | . 1 1 . . 1 . . 1 7 . . . . 5 1 10 1 1 . 2 11 Actively Blocked 2 | . . . . . . . . . . . . . . . . . . . . 2 . Part Disruptions 4 | . . . . . . . . . 2 . . . . 1 . . . . . . 1 Damage Taken 16328 | . 491 772 . 1266 488 32 . 441 2977 50 375 362 701 2861 90 2148 290 80 . 346 2558 Core 1218 | . 94 124 . 129 18 . . 35 123 . . . 54 191 . 87 76 . . . 287 Absorbed by Shields 1073 | . . . . . . . . . 51 . . . . 218 . 115 . . . . 689 Reduced by Siege Mode 232 | . . . . . . . . . 40 . . . . . . 188 . . . 4 . Redirected to Shielding 158 | . . . . . . . . . . . . . . . . . . . . 158 . Ignored by Resistances 1803 | . . . . . . . . . . . . . 122 307 . 749 12 . . 124 489 Regen/Repaired (Parts) 217 | . . . . 38 . 39 . 30 . . . 110 . . . . . . . . . Core Remaining (%) 68 | 100 . . 12 . . . . 78 . . . . 82 . . . . . . 69 . Volleys Fired 620 | . 66 36 . 38 21 12 . 26 144 5 37 11 28 120 . 49 3 1 . 14 9 Largest 4 | . 2 2 . 4 4 3 . 3 4 1 4 3 1 4 . 4 2 2 . 2 2 Hottest 353 | . 100 100 . 230 190 160 . 170 251 98 251 153 105 320 . 353 176 176 . 193 169 Shots Fired 1359 | . 129 62 . 105 79 30 . 68 302 5 73 27 27 289 1 117 5 2 . 24 14 Gun 771 | . 126 54 . 105 79 30 . 65 74 . . . . 158 1 79 . . . . . Cannon 537 | . . . . . . . . 3 211 2 67 27 13 131 . 38 5 2 . 24 14 Launcher 41 | . . 1 . . . . . . 17 3 6 . 14 . . . . . . . . Special 10 | . 3 7 . . . . . . . . . . . . . . . . . . . Kinetic 695 | . 126 48 . 43 58 18 . 44 219 . 50 24 . 65 . . . . . . . Thermal 528 | . 3 14 . 62 21 12 . 24 66 2 17 3 13 183 1 102 . . . 2 3 Explosive 3 | . . . . . . . . . 1 . 2 . . . . . . . . . . Electromagnetic 133 | . . . . . . . . . 16 3 4 . 14 41 . 15 5 2 . 22 11 Robot Hit Streak 29 | . 9 11 . 8 16 9 . 6 29 7 28 5 7 10 . 20 3 5 . 8 15 Robot Miss Streak 15 | . 2 3 . 3 15 4 . 6 3 . 1 1 1 5 . 5 1 . . 2 1 Penetration Max 1 | . . . . . . . . . 1 . 1 1 . . . . . . . . . Secondary Targets 20 | . 3 2 . 2 . . . 4 1 . . . . 8 . . . . . . . Max Gunslinging Chain 2 | . 1 1 . 1 . . . 1 1 . . . . 2 . . . . . . . Shots Hit Robots 922 | . 87 42 . 70 43 16 . 29 184 3 53 17 12 139 . 81 11 7 . 20 108 Core Hits 430 | . 30 19 . 37 18 4 . 16 111 . 28 6 24 55 . 32 2 3 . 11 34 Critical Kills 37 | . . . . . . . . 1 23 . 9 3 . . . 1 . . . . . Critical Parts Destroyed 76 | . 1 . . 2 . . . 1 46 . 12 5 . 1 . 2 . . . . 6 Critical Strikes 161 | . 1 1 . 2 3 2 . 6 77 . 28 9 . 4 . 3 2 . . 1 22 Burn 11 | . . . . . 3 2 . 4 2 . . . . . . . . . . . . Meltdown 2 | . . . . . . . . . 1 . . . . . . 1 . . . . . Destroy 120 | . 1 1 . 2 . . . 2 74 . 28 9 . 1 . 2 . . . . . Blast 3 | . . . . . . . . . . . . . . 3 . . . . . . . Corrupt 1 | . . . . . . . . . . . . . . . . . . . . 1 . Smash 6 | . . . . . . . . . . . . . . . . . . . . . 6 Sever 18 | . . . . . . . . . . . . . . . . . 2 . . . 16 Melee Attacks 191 | . . 11 . 2 . . . . . . . . . . . 3 15 8 . 8 144 Impact 34 | . . . . . . . . . . . . . . . . . . 1 . 2 31 Slashing 156 | . . 11 . 2 . . . . . . . . . . . 3 15 7 . 6 112 Piercing . | . . . . . . . . . . . . . . . . . . . . . . Sneak Attacks 8 | . . . . . . . . . . . . . . . . . 2 2 . . 4 Combat Hostiles . | . . . . . . . . . . . . . . . . . . . . . . Follow-up Attacks 17 | . . . . . . . . . . . . . . . . . . . . 2 15 Damage Inflicted 29481 | . 902 827 . 1531 965 405 . 823 6107 115 2018 397 1581 4496 . 3028 464 435 . 850 4537 Guns 10305 | . 902 715 . 1531 965 405 . 823 1140 . . . . 2125 . 1699 . . . . . Cannons 8647 | . . . . . . . . . 2457 . 1089 397 70 2371 . 1099 94 77 . 702 291 Explosions 5399 | . . 112 . . . . . . 2502 115 929 . 1511 . . 230 . . . . . Melee 5122 | . . . . . . . . . . . . . . . . . 370 358 . 148 4246 Ramming 8 | . . . . . . . . . 8 . . . . . . . . . . . . Kinetic 8910 | . 902 746 . 525 655 222 . 512 2890 . 674 359 . 1425 . . . . . . . Thermal 9330 | . . 81 . 1006 310 183 . 311 1338 . 561 38 247 2668 . 2516 . . . . 71 Explosive 818 | . . . . . . . . . 331 . 487 . . . . . . . . . . Electromagnetic 5293 | . . . . . . . . . 1540 115 296 . 1334 403 . 512 94 77 . 702 220 Impact 1020 | . . . . . . . . . . . . . . . . . . . . 51 969 Slashing 4102 | . . . . . . . . . . . . . . . . . 370 358 . 97 3277 Piercing . | . . . . . . . . . . . . . . . . . . . . . . Highest Corruption 45 | . . . . . . . . . 4 2 . . 22 11 16 16 14 14 10 11 45 Average Corruption 7 | . . . . . . . . . 2 1 . . 8 3 9 12 14 10 10 10 9 Corruption Purged 32 | . . . . . . . . . 6 2 . . . 13 . 5 . 6 . . . Corruption Blocked . | . . . . . . . . . . . . . . . . . . . . . . Effects 213 | . . . . . . . . . 26 . . . 5 31 6 36 32 30 9 19 19 Message Errors 54 | . . . . . . . . . 7 . . . . 4 2 14 9 4 1 5 8 Matter Fused 43 | . . . . . . . . . 6 . . . 1 6 . 2 9 7 2 7 3 Heat Flow Errors 31 | . . . . . . . . . 3 . . . 3 3 1 2 7 4 4 2 2 Energy Discharges 25 | . . . . . . . . . 3 . . . . 4 . 3 4 6 2 2 1 Parts Fused 3 | . . . . . . . . . . . . . . 1 . 2 . . . . . Data Loss (minor) 25 | . . . . . . . . . 2 . . . . 8 2 2 1 3 . 3 4 Data Loss (major) 8 | . . . . . . . . . 1 . . . . 1 . 2 2 2 . . . Misfires 8 | . . . . . . . . . 1 . . . . 2 1 3 . . . . 1 Alerts 6 | . . . . . . . . . 1 . . . . . . 1 . 4 . . . Misdirections 2 | . . . . . . . . . . . . . . 2 . . . . . . . Weapon Failures 8 | . . . . . . . . . 2 . . . 1 . . 5 . . . . . Overload Shots . | . . . . . . . . . . . . . . . . . . . . . . Overflow Damage 1227 | . . . . . . . . . 178 . 95 12 1 105 . 180 53 174 . 34 395 Projectiles 271 | . . . . . . . . . 9 . 70 12 . 105 . 41 . . . 34 . Explosions 334 | . . . . . . . . . 169 . 25 . 1 . . 139 . . . . . Melee 622 | . . . . . . . . . . . . . . . . . 53 174 . . 395 Knockbacks 34 | . . . . . . . . . 12 . 1 3 . 12 . . . . . . 6 Impact 6 | . . . . . . . . . . . . . . . . . . . . . 6 Kinetic 25 | . . . . . . . . . 9 . 1 3 . 12 . . . . . . . Secondary 3 | . . . . . . . . . 3 . . . . . . . . . . . . Self-Inflicted Damage 236 | . . 37 . . . . . . . . 16 . 129 . . 54 . . . . . Shots 13 | . . 1 . . . . . . . . 1 . 9 . . 2 . . . . . Rammed 1 | . . . . . . . . . 1 . . . . . . . . . . . . Targets Rammed 1 | . . . . . . . . . 1 . . . . . . . . . . . . Kicked . | . . . . . . . . . . . . . . . . . . . . . . Crushed . | . . . . . . . . . . . . . . . . . . . . . . Highest Temperature 565 | . 40 . . 313 391 276 . 286 342 140 146 150 327 434 103 403 196 188 189 263 565 Average Temperature 93 | . 7 . . 125 139 121 . 100 89 75 46 53 86 107 48 113 89 74 85 96 150 Received Heat Transfer 1925 | . 168 48 . 99 114 9 . 12 495 . 45 18 123 48 . 463 18 . . 48 217 Effects 11 | . . . . . . . . 1 1 . . . . 3 . 2 . . . . 4 Shutdowns 4 | . . . . . . . . . . . . . . 2 . . . . . . 2 Energy Bleed 3 | . . . . . . . . 1 . . . . . 1 . . . . . . 1 Interference 1 | . . . . . . . . . 1 . . . . . . . . . . . . Matter Decay 2 | . . . . . . . . . . . . . . . . 2 . . . . . Short Circuit 1 | . . . . . . . . . . . . . . . . . . . . . 1 Siege Activations 10 | . . . . . . . . . 2 . . . . . . 4 . 1 . 3 . Total Turns 223 | . . . . . . . . . 48 . . . . . . 101 . 15 . 59 . Longest Duration 56 | . . . . . . . . . 35 . . . . . . 56 . 15 . 25 . Martial Activations . | . . . . . . . . . . . . . . . . . . . . . . Shielding Activations . | . . . . . . . . . . . . . . . . . . . . . . Robots Disrupted 1 | . . . . . . . . . . . . . . 1 . . . . . . . Combat Hostiles 1 | . . . . . . . . . . . . . . 1 . . . . . . . Robots Corrupted 22 | . . . . . . . . . 2 1 2 . 5 2 . 2 1 1 . 2 4 Combat Hostiles 22 | . . . . . . . . . 2 1 2 . 5 2 . 2 1 1 . 2 4 Parts Fried 54 | . . . . . . . . . 16 1 2 . 10 5 . 8 . 1 . 6 5 Impact Corruptions 10 | . . . . . . . . . . . . . . . . . . . . . 10 Robots Melted 4 | . . . . . . . . . 1 . . . . 1 . 2 . . . . . Combat Hostiles 3 | . . . . . . . . . . . . . . 1 . 2 . . . . . Parts Melted 31 | . . 1 . . 1 . . 1 11 . 1 . . 4 . 12 . . . . . Heat Transferred 12997 | . . 100 . 1750 850 550 . 950 2066 . 548 37 224 3034 . 2814 . . . . 74 Parts Sabotaged . | . . . . . . . . . . . . . . . . . . . . . . Parts Stolen . | . . . . . . . . . . . . . . . . . . . . . . Parts Stripped . | . . . . . . . . . . . . . . . . . . . . . . Power Chain Reactions 9 | . . . . . . . . . 4 . 3 . 2 . . . . . . . . Alert | -11 -10 -10 -8 -6 -6 -6 -6 -5 -5 -5 -5 -5 -4 -4 -4 -4 -4 -4 -4 -3 -3 ------- Run | Yrd Mat Sub Scr Fac Low Low Dat Pro Fac Upp Upp War Pro Fac Was Fac Upp Upp Zhi Pro Res Maximum Alert Level 4 | . 1 . . . . . . . 4 . . . . 3 1 1 . . . . 2 Low Security (%) 48 | 100 90 . . 100 . . . . . . . . . 52 . 71 . . . . 61 Level 1 14 | . 9 . . . . . . . . . . . . 27 100 28 . . . . 19 Level 2 10 | . . . . . . . . . 18 . . . . 8 . . . . . . 19 Level 3 12 | . . . . . . . . . 32 . . . . 11 . . . . . . . Level 4 14 | . . . . . . . . . 49 . . . . . . . . . . . . Level 5 . | . . . . . . . . . . . . . . . . . . . . . . High Security . | . . . . . . . . . . . . . . . . . . . . . . Max Security . | . . . . . . . . . . . . . . . . . . . . . . Peak Influence 1354 | . 235 . . 85 . . . . 1354 . . . . 827 289 385 . . . . 507 Initial 794 | . . . . . . . . . 794 . . . . 163 289 140 . . . . 457 Average 423 | . 101 . . 13 . . . . 981 . . . . 288 251 160 . . . . 217 Influence Increases 8256 | . 469 110 . 217 254 125 . 328 2416 30 605 164 345 1373 2 591 65 55 . 180 927 Destroy 0b10 Robot/C 4480 | . 320 80 . 160 200 100 . 220 900 20 440 140 320 680 . 340 40 40 . 120 360 Destroy 0b10 Robot/NC 205 | . 15 . . 5 . . . 5 100 . 15 10 . 15 . 15 . 5 . 10 10 Destroy Leader 746 | . 64 . . 50 . 10 . 20 192 10 60 . 10 140 . 80 10 10 . 20 70 Allied During Kill 78 | . . . . . 9 15 . 8 2 . 30 14 . . . . . . . . . Successful Hack 127 | . 23 . . . . . . . 38 . . . . 66 . . . . . . . Disable Machine 300 | . . . . . . . . . 150 . . . . 105 . 30 . . . . 15 Destroy Structure 460 | . 2 . . 2 . . . . 134 . . . . 232 2 66 . . . . 22 Advance Influence 1200 | . . . . . . . . . 750 . . . . . . . . . . . 450 Partial Spotted 15 | . . . . . . . . . . . . . . 15 . . . . . . . Lose Combat Pursuer 645 | . 45 30 . . 45 . . 75 150 . 60 . 15 120 . 60 15 . . 30 . Influence Decreases 8202 | . 332 235 12 217 254 125 . 256 1144 882 825 328 192 807 628 425 432 55 . 168 885 Entered New Map 1918 | . . 66 12 . . . . . 28 498 95 272 108 98 538 61 137 . . . 5 Time Decay 4973 | . 332 169 . 126 234 105 . 246 656 374 650 36 64 589 70 334 275 55 . 168 490 Search Patrol Dispatched 400 | . . . . . . . . . 200 . . . . . . . . . . . 200 Lost Part 591 | . . . . 91 20 . . 10 60 10 . . 20 120 20 30 20 . . . 190 Lost Ally 170 | . . . . . . 20 . . 50 . 80 20 . . . . . . . . . Purge Threat 150 | . . . . . . . . . 150 . . . . . . . . . . . . Squads Dispatched 35 | . 4 . . 2 . . . . 13 . 1 . 1 6 . 5 . . . . 3 Investigation 5 | . 2 . . . . . . . 1 . . . 1 1 . . . . . . . Extermination 15 | . . . . 1 . . . . 5 . . . . 4 . 2 . . . . 3 Reinforcement 13 | . 2 . . 1 . . . . 6 . . . . 1 . 3 . . . . . Assault 2 | . . . . . . . . . 1 . 1 . . . . . . . . . . Garrison . | . . . . . . . . . . . . . . . . . . . . . . Intercept . | . . . . . . . . . . . . . . . . . . . . . . Searches Triggered 4 | . . . . . . . . . 2 . . . . . . . . . . . 2 Data Miner Redirects 2 | . . . . . . . . . 1 . . . . 1 . . . . . . . Construction Impeded 4 | . . . . . . . . . 3 . . . . . . 1 . . . . . Haulers Reinforced 1 | . . . . . . . . . 1 . . . . . . . . . . . . Active Scanning Responses . | . . . . . . . . . . . . . . . . . . . . . . Cargo Convoy Interrupts . | . . . . . . . . . . . . . . . . . . . . . . Stealth | -11 -10 -10 -8 -6 -6 -6 -6 -5 -5 -5 -5 -5 -4 -4 -4 -4 -4 -4 -4 -3 -3 --------- Run | Yrd Mat Sub Scr Fac Low Low Dat Pro Fac Upp Upp War Pro Fac Was Fac Upp Upp Zhi Pro Res Distress Signals 15 | . 4 . . . . . . 2 3 . . . . 2 . 4 . . . . . Communications Jammed 4 | . . . . . . . . . . . . . . . . 2 . . . 2 . Distress Signals 2 | . . . . . . . . . . . . . . . . 2 . . . . . Times Spotted 336 | . 24 12 . 9 10 5 . 19 64 1 23 29 17 52 4 26 4 2 . 12 23 Peak Tracking Total 13 | . 7 6 . 3 7 3 . 5 8 1 5 12 13 7 4 6 1 1 . 3 4 Tactical Retreats 27 | . 1 1 . . 1 . . 3 7 . 3 . 1 6 . 1 1 . . 2 . Traps | -11 -10 -10 -8 -6 -6 -6 -6 -5 -5 -5 -5 -5 -4 -4 -4 -4 -4 -4 -4 -3 -3 ------- Run | Yrd Mat Sub Scr Fac Low Low Dat Pro Fac Upp Upp War Pro Fac Was Fac Upp Upp Zhi Pro Res Traps Triggered 10 | . 2 . . . . . . . 4 . . . . 4 . . . . . . . Indirectly . | . . . . . . . . . . . . . . . . . . . . . . Trap Hack Attempts . | . . . . . . . . . . . . . . . . . . . . . . Triggered . | . . . . . . . . . . . . . . . . . . . . . . Disarmed . | . . . . . . . . . . . . . . . . . . . . . . Reprogrammed . | . . . . . . . . . . . . . . . . . . . . . . Reused . | . . . . . . . . . . . . . . . . . . . . . . Traps Extracted . | . . . . . . . . . . . . . . . . . . . . . . Installed . | . . . . . . . . . . . . . . . . . . . . . . Triggered . | . . . . . . . . . . . . . . . . . . . . . . Most Traps Carried 2 | . . . 1 1 1 2 2 2 1 1 1 1 . . . . . . . . . Machines | -11 -10 -10 -8 -6 -6 -6 -6 -5 -5 -5 -5 -5 -4 -4 -4 -4 -4 -4 -4 -3 -3 ---------- Run | Yrd Mat Sub Scr Fac Low Low Dat Pro Fac Upp Upp War Pro Fac Was Fac Upp Upp Zhi Pro Res Machines Disabled 25 | . . . . . . . . . 10 . 2 . 3 7 . 2 . . . . 1 Max in Single Turn 4 | . . . . . . . . . 2 . 1 . 1 4 . 2 . . . . 1 Machines Repaired . | . . . . . . . . . . . . . . . . . . . . . . Machines Dismantled . | . . . . . . . . . . . . . . . . . . . . . . Machines Sabotaged . | . . . . . . . . . . . . . . . . . . . . . . Overloaded Fab Kills . | . . . . . . . . . . . . . . . . . . . . . . Hacking | -11 -10 -10 -8 -6 -6 -6 -6 -5 -5 -5 -5 -5 -4 -4 -4 -4 -4 -4 -4 -3 -3 --------- Run | Yrd Mat Sub Scr Fac Low Low Dat Pro Fac Upp Upp War Pro Fac Was Fac Upp Upp Zhi Pro Res Machines Accessed 60 | . 6 2 2 1 1 2 4 . 14 . 3 2 1 10 . 3 . 1 5 . 3 Terminals 24 | . 6 . . . . . . . 8 . . . 1 5 . 2 . . . . 2 Fabricators 5 | . . . . 1 . . . . 1 . . . . 3 . . . . . . . Repair Stations . | . . . . . . . . . . . . . . . . . . . . . . Recycling Units 6 | . . . . . . . . . 3 . . . . 2 . 1 . . . . . Scanalyzers 3 | . . . . . . . . . 2 . . . . . . . . . . . 1 Garrison Access . | . . . . . . . . . . . . . . . . . . . . . . Total Hacks 154 | . 10 2 20 1 1 2 24 . 33 . 9 5 4 15 . 4 . 1 18 . 5 Successful 116 | . 7 2 20 . 1 2 24 . 14 . 9 5 4 8 . . . 1 18 . 1 Failed 38 | . 3 . . 1 . . . . 19 . . . . 7 . 4 . . . . 4 Catastrophic 4 | . . . . 1 . . . . 1 . . . . . . . . . . . 2 Database Lockouts . | . . . . . . . . . . . . . . . . . . . . . . Manual 21 | . 7 . . . . . . . 8 . 1 1 . 2 . . . . . . 2 Terminals 47 | . 10 . . . . . . . 19 . . . 4 7 . 3 . . . . 4 Fabricators 9 | . . . . 1 . . . . 3 . . . . 5 . . . . . . . Repair Stations . | . . . . . . . . . . . . . . . . . . . . . . Recycling Units 7 | . . . . . . . . . 3 . . . . 3 . 1 . . . . . Scanalyzers 9 | . . . . . . . . . 8 . . . . . . . . . . . 1 Garrison Access . | . . . . . . . . . . . . . . . . . . . . . . Terminal Hacks 94 | . 1 2 20 . 1 2 24 . 4 . 9 5 4 2 . . . 1 18 . 1 Record 47 | . . . 19 . . . 11 . . . 7 . 4 . . . . . 6 . . Part Schematic 12 | . . . . . . . 8 . . . . . . . . . . . 4 . . Robot Schematic 2 | . . . . . . . 2 . . . . . . . . . . . . . . Robot Analysis 5 | . . . . . . . . . . . . . . 1 . . . . 4 . . Prototype ID Bank 11 | . . . . . . . 3 . . . . 4 . . . . . . 4 . . Open Door 8 | . . 1 . . 1 2 . . . . 2 1 . . . . . 1 . . . Branch Access Points 1 | . . . . . . . . . 1 . . . . . . . . . . . . Terminal Index 2 | . 1 . . . . . . . 1 . . . . . . . . . . . . Unreport Threat 1 | . . . . . . . . . 1 . . . . . . . . . . . . Locate Traps 2 | . . . . . . . . . 1 . . . . . . . . . . . 1 Registered Components 1 | . . . . . . . . . . . . . . 1 . . . . . . . Proto ID Catalog 1 | . . . 1 . . . . . . . . . . . . . . . . . . Release Object 1 | . . 1 . . . . . . . . . . . . . . . . . . . Fabricator Hacks 4 | . . . . . . . . . . . . . . 4 . . . . . . . Network Status 1 | . . . . . . . . . . . . . . 1 . . . . . . . Load Schematic 2 | . . . . . . . . . . . . . . 2 . . . . . . . Build 1 | . . . . . . . . . . . . . . 1 . . . . . . . Repair Station Hacks . | . . . . . . . . . . . . . . . . . . . . . . Recycling Unit Hacks 3 | . . . . . . . . . 2 . . . . 1 . . . . . . . Retrieve Components 3 | . . . . . . . . . 2 . . . . 1 . . . . . . . Scanalyzer 6 | . . . . . . . . . 6 . . . . . . . . . . . . Retrieve Study 6 | . . . . . . . . . 6 . . . . . . . . . . . . Garrison Access Hacks . | . . . . . . . . . . . . . . . . . . . . . . Unauthorized Hacks 9 | . 6 . . . . . . . 2 . . . . 1 . . . . . . . Terminals 9 | . 6 . . . . . . . 2 . . . . 1 . . . . . . . Assimilate 1 | . . . . . . . . . 1 . . . . . . . . . . . . Botnet 2 | . . . . . . . . . 1 . . . . 1 . . . . . . . Skim 6 | . 6 . . . . . . . . . . . . . . . . . . . . Fabricators . | . . . . . . . . . . . . . . . . . . . . . . Repair Stations . | . . . . . . . . . . . . . . . . . . . . . . Recycling Units . | . . . . . . . . . . . . . . . . . . . . . . Scanalyzers . | . . . . . . . . . . . . . . . . . . . . . . Garrison Access . | . . . . . . . . . . . . . . . . . . . . . . Data Cores Recovered 1 | . . . . . . . . . . . . . . 1 . . . . . . . Used 1 | . . . . . . . . . . . . . . 1 . . . . . . . Hacking Detections 33 | . 4 . . 1 . . . . 12 . . . 1 9 . 3 . . . . 3 Full Trace Events 3 | . . . . . . . . . 1 . . . 1 1 . . . . . . . Feedback Events . | . . . . . . . . . . . . . . . . . . . . . . Feedback Blocked . | . . . . . . . . . . . . . . . . . . . . . . Robot Schematics Acquired 2 | . . . . . . . 2 . . . . . . . . . . . . . . Robots Built . | . . . . . . . . . . . . . . . . . . . . . . Authchips . | . . . . . . . . . . . . . . . . . . . . . . Time . | . . . . . . . . . . . . . . . . . . . . . . Total Robot Build Rating . | . . . . . . . . . . . . . . . . . . . . . . Part Schematics Acquired 12 | . . . . . . . 8 . . . . . . . . . . . 4 . . Parts Built 1 | . . . . . . . . . . . . . . 1 . . . . . . . Authchips . | . . . . . . . . . . . . . . . . . . . . . . Time 117 | . . . . . . . . . . . . . . 117 . . . . . . . Total Part Build Rating 7 | . . . . . . . . . . . . . . 7 . . . . . . . Part Studies Acquired 6 | . . . . . . . . . 6 . . . . . . . . . . . . Parts Repaired . | . . . . . . . . . . . . . . . . . . . . . . Time . | . . . . . . . . . . . . . . . . . . . . . . Parts Recycled . | . . . . . . . . . . . . . . . . . . . . . . Recycled Matter . | . . . . . . . . . . . . . . . . . . . . . . Retrieved Matter . | . . . . . . . . . . . . . . . . . . . . . . Retrieved Components 21 | . . . . . . . . . 20 . . . . 1 . . . . . . . Parts Scanalyzed . | . . . . . . . . . . . . . . . . . . . . . . Part Schematics Acquired . | . . . . . . . . . . . . . . . . . . . . . . Parts Damaged . | . . . . . . . . . . . . . . . . . . . . . . Bothacking | -11 -10 -10 -8 -6 -6 -6 -6 -5 -5 -5 -5 -5 -4 -4 -4 -4 -4 -4 -4 -3 -3 ------------ Run | Yrd Mat Sub Scr Fac Low Low Dat Pro Fac Upp Upp War Pro Fac Was Fac Upp Upp Zhi Pro Res Used RIF Installer . | . . . . . . . . . . . . . . . . . . . . . . Robots Hacked 1 | . . . . . . . . . . . . . . . . . . . . . 1 Non-combat 1 | . . . . . . . . . . . . . . . . . . . . . 1 Combat . | . . . . . . . . . . . . . . . . . . . . . . Robot Hacks Applied 1 | . . . . . . . . . . . . . . . . . . . . . 1 find_station 1 | . . . . . . . . . . . . . . . . . . . . . 1 Relay Couplers Released . | . . . . . . . . . . . . . . . . . . . . . . Fabnet Peak Effective % . | . . . . . . . . . . . . . . . . . . . . . . Robots Rewired 9 | . . . . . 2 . . . 2 . 5 . . . . . . . . . . Allies Hacked . | . . . . . . . . . . . . . . . . . . . . . . Hacks Repelled . | . . . . . . . . . . . . . . . . . . . . . . Allies | -11 -10 -10 -8 -6 -6 -6 -6 -5 -5 -5 -5 -5 -4 -4 -4 -4 -4 -4 -4 -3 -3 -------- Run | Yrd Mat Sub Scr Fac Low Low Dat Pro Fac Upp Upp War Pro Fac Was Fac Upp Upp Zhi Pro Res Total Allies 11 | . . . . . 2 . . . 3 . 6 . . . . . . . . . . Largest Group 4 | . . . . . 2 2 1 1 2 . 4 1 . . . . . . . . . Highest-Rated Group 119 | . . . . . 49 49 20 20 70 . 119 99 . . . . . . . . . Highest-Rated Ally 99 | . . . . . 29 29 20 20 41 . 99 99 . . . . . . . . . Initial UFD Resources 28 | . . . . 22 22 22 22 24 24 24 24 24 26 26 26 26 26 26 26 28 28 Total Orders 2 | . . . . . . . . . 2 . . . . . . . . . . . . STAY 1 | . . . . . . . . . 1 . . . . . . . . . . . . FOLLOW 1 | . . . . . . . . . 1 . . . . . . . . . . . . Ally Attacks 75 | . . . . . 2 12 . . 9 . 31 21 . . . . . . . . . Total Damage 2615 | . . . . . 37 142 . . 382 . 554 1500 . . . . . . . . . Kills 13 | . . . . . . 4 . . . . 3 6 . . . . . . . . . Allies Corrupted 1 | . . . . . . . . . . . . 1 . . . . . . . . . Allies Melted . | . . . . . . . . . . . . . . . . . . . . . . Intel | -11 -10 -10 -8 -6 -6 -6 -6 -5 -5 -5 -5 -5 -4 -4 -4 -4 -4 -4 -4 -3 -3 ------- Run | Yrd Mat Sub Scr Fac Low Low Dat Pro Fac Upp Upp War Pro Fac Was Fac Upp Upp Zhi Pro Res Active Infowar (turns) 16744 | . 258 1282 2005 456 124 670 93 573 1955 866 965 981 595 1606 144 668 724 763 373 434 1209 Sensors 967 | . . . . . . . . . . . . . . . . . . . . . 967 Structural 7608 | . . . . 321 . . . . 326 821 821 . 593 1315 144 511 560 759 370 392 675 Traps 1 | . . . . . . . . . . . . . . . . . . 1 . . . Seismic 13186 | . 258 1282 2005 440 124 670 93 573 1944 849 910 981 563 1441 93 233 139 . . . 588 Jamming 3704 | . . . . . . . . . . . . . . 51 144 549 577 763 373 282 965 ECM 2 | . . . . . . . . . . . . . . . . . . 2 . . . Robot Analysis Total 5 | . . . . . . . . . . . . . . 1 . . . . 4 . . Derelict Logs Recovered 11 | . . . 5 . . . . . . 2 2 . . . . . 1 1 . . . Drone Launches . | . . . . . . . . . . . . . . . . . . . . . . Drone Recoveries . | . . . . . . . . . . . . . . . . . . . . . . Exploration | -11 -10 -10 -8 -6 -6 -6 -6 -5 -5 -5 -5 -5 -4 -4 -4 -4 -4 -4 -4 -3 -3 ------------- Run | Yrd Mat Sub Scr Fac Low Low Dat Pro Fac Upp Upp War Pro Fac Was Fac Upp Upp Zhi Pro Res Turns Passed 21715 | 77 1000 1596 2005 673 1002 694 93 738 2449 866 2383 1073 727 1849 144 758 724 763 373 434 1294 Spaces Moved 13134 | 42 422 971 1493 389 427 541 80 523 1280 688 1607 726 489 1039 115 343 415 389 222 193 740 Core 2 | 2 . . . . . . . . . . . . . . . . . . . . . Treads 2872 | 40 422 228 . 62 427 23 . . 175 . . . . 39 . 177 415 389 222 193 60 Legs 680 | . . . . . . . . . . . . . . . . . . . . . 680 Wheels 9580 | . . 743 1493 327 . 518 80 523 1105 688 1607 726 489 1000 115 166 . . . . . Hover . | . . . . . . . . . . . . . . . . . . . . . . Flight . | . . . . . . . . . . . . . . . . . . . . . . Fastest Speed 50 | 50 160 115 100 110 165 109 115 115 115 113 113 125 125 105 90 90 161 161 161 161 118 Average Speed 133 | 154 160 136 130 124 213 116 115 115 131 116 122 125 125 123 107 140 161 161 161 161 125 Slowest Speed 260 | 160 160 240 145 170 246 246 115 115 260 125 125 125 135 243 120 161 161 161 161 161 190 Overloaded Moves . | . . . . . . . . . . . . . . . . . . . . . . Propulsion Burnouts . | . . . . . . . . . . . . . . . . . . . . . . Robots Hopped . | . . . . . . . . . . . . . . . . . . . . . . Potential Cave-ins 2 | . . . . . . . . . . . . . . 2 . . . . . . . Cave-ins Triggered . | . . . . . . . . . . . . . . . . . . . . . . Exploration Rate (%) 54 | 4 76 39 79 12 73 62 69 70 37 86 87 90 60 35 74 8 65 58 60 41 15 Regions Visited 21 Branch Regions 14 Pre-discovered Areas 13 | . 1 . 7 . . . 1 . . . 1 . . . . . . . 3 . . Known Exits Taken 9 | . . . . 1 . . . 1 1 1 1 1 1 . . . 1 . . 1 . Unknown Exits Taken 10 | 1 1 1 1 . 1 1 1 . . . . . . . . 1 . 1 1 . . Scrap Searched 29 | . . 6 3 . 3 3 . 3 . 3 2 . . . . . 1 5 . . . Spaces Dug 113 | . 3 3 . 2 . 2 . 3 33 2 2 . 9 34 . 4 2 2 . . 12 Terrain Destroyed 394 | . 3 15 . 2 6 3 . 33 72 2 62 2 15 121 1 39 2 2 . 2 12 Melee 23 | . . 3 . 2 . . . . . . . . . . . 3 2 2 . . 11 Projectile 213 | . 3 . . . 6 3 . 33 41 2 3 2 10 91 1 15 . . . 2 1 AOE 158 | . . 12 . . . . . . 31 . 59 . 5 30 . 21 . . . . . Terrain Rammed . | . . . . . . . . . . . . . . . . . . . . . . Walls Destroyed . | . . . . . . . . . . . . . . . . . . . . . . Machines Disabled . | . . . . . . . . . . . . . . . . . . . . . . Actions | -11 -10 -10 -8 -6 -6 -6 -6 -5 -5 -5 -5 -5 -4 -4 -4 -4 -4 -4 -4 -3 -3 --------- Run | Yrd Mat Sub Scr Fac Low Low Dat Pro Fac Upp Upp War Pro Fac Was Fac Upp Upp Zhi Pro Res Total 16181 | 51 621 1157 1547 497 488 591 81 625 1803 742 1959 876 570 1392 134 520 454 513 236 286 1038 Wait 1318 | . 99 73 . 22 18 18 2 52 187 39 240 108 36 111 17 59 5 98 . 66 68 Move 13114 | 41 421 970 1492 388 426 540 79 522 1279 687 1606 725 488 1039 114 342 414 388 221 192 740 Hop . | . . . . . . . . . . . . . . . . . . . . . . Pick Up 206 | 4 12 19 41 7 3 3 . 2 39 3 8 7 2 21 1 8 . 2 1 . 23 Fast Attach 113 | 6 2 1 1 9 . 3 . 1 18 . 1 1 3 16 . 19 4 2 5 1 20 Attach 83 | . . 9 . 12 . 2 . 1 13 3 6 1 1 16 1 4 1 1 . . 12 Detach 41 | . 1 2 . 3 . 2 . . 7 1 . 3 . 8 . 5 1 1 1 . 6 Swap 274 | . 15 19 2 11 1 3 . 16 65 4 28 6 9 32 1 14 8 11 4 7 18 Drop 186 | . 5 17 11 5 1 8 . 4 45 . 10 14 3 19 . 17 3 2 4 . 18 Fire 620 | . 66 36 . 38 21 12 . 26 144 5 37 11 28 120 . 49 3 1 . 14 9 Melee 168 | . . 11 . 2 . . . . . . . . . . . 3 15 7 . 6 124 Ram . | . . . . . . . . . . . . . . . . . . . . . . Kick . | . . . . . . . . . . . . . . . . . . . . . . Crush 1 | . . . . . . . . . 1 . . . . . . . . . . . . Escape Stasis 6 | . . . . . . . . . 2 . . . . 4 . . . . . . . Rewire 51 | . . . . . 18 . . 1 3 . 23 . . 6 . . . . . . . Trap . | . . . . . . . . . . . . . . . . . . . . . . Miscellaneous . | . . . . . . . . . . . . . . . . . . . . . . Route ------- -11/Scrapyard -10/Materials (discovered 5 exits: *Mat x3 / [*Min] / *Sub) -10/Subcaves (discovered 2 exits: [*Mat] / *Scr) -8/Scraptown (discovered 2 exits: *Fac x2) -6/Factory -6/Lower Caves -6/Lower Caves -6/Data Miner -5/Proximity Caves -5/Factory (discovered 4 exits: *Fac x2 / *Upp x2) -5/Upper Caves -5/Upper Caves (discovered 2 exits: *Fac / *War) -5/Warlord -4/Proximity Caves -4/Factory (discovered 4 exits: Res x2 / *Ext x2) -4/Waste -4/Factory (discovered 2 exits: *Res / [*Upp]) -4/Upper Caves -4/Upper Caves (discovered 2 exits: Res / *Zhi) -4/Zhirov -3/Proximity Caves -3/Research (discovered 2 exits: *Arm / Qua) History --------- Turn | Location | Event 6 | -11/Scrapyard | Discovered new exit (range 15) 78 | -11/Scrapyard | Entered Materials 255 | -10/Materials | Discovered new exit (range 13) 304 | -10/Materials | Build established: Mutant 762 | -10/Materials | Discovered new exit (range 11) 842 | -10/Materials | Identified exit to Materials 896 | -10/Materials | Learned 4 Subcaves zone layouts 907 | -10/Materials | Discovered exit to Materials (range 3) 973 | -10/Materials | Learned Storage interactive machine intel 996 | -10/Materials | Learned location of 1 exit from Storage 1006 | -10/Materials | Discovered new exit (range 10) 1007 | -10/Materials | Learned Storage stockpile data 1063 | -10/Materials | Learned 2 Materials zone layouts 1078 | -10/Materials | Entered Subcaves 1079 | -10/Subcaves | Approached by a straggling Scientist 1188 | -10/Subcaves | Disturbed a concealed Subdweller 1361 | -10/Subcaves | Core integrity fell below 50% 1363 | -10/Subcaves | Scientist uncovered a shortcut to Scraptown 1393 | -10/Subcaves | Lost 3 parts (1n2w) 1603 | -10/Subcaves | Shifting Twisted Machinery released Sub. Laser 1724 | -10/Subcaves | Ambushed by Subdwellers from Twisted Machinery 1776 | -10/Subcaves | A swath of the cavern ceiling suddenly collapsed 1776 | -10/Subcaves | Lost 3 parts (1p1u1w) 2015 | -10/Subcaves | A swath of the cavern ceiling suddenly collapsed 2179 | -10/Subcaves | Discovered new exit (range 5) 2212 | -10/Subcaves | Core integrity fell below 20% 2629 | -10/Subcaves | Found SUBCON Basin 2674 | -10/Subcaves | Entered Scraptown 2851 | -8/Scraptown | Discovered new exit (range 11) 2912 | -8/Scraptown | Scanned Subdweller tech in exchange for log data 2915 | -8/Scraptown | Learned location of Zion (-7) 2916 | -8/Scraptown | Learned Factory trap positions 2918 | -8/Scraptown | Learned location of Armory (-3) 2919 | -8/Scraptown | Learned location of 1 exit from Upper Caves 2920 | -8/Scraptown | Learned location of Testing (-2) 2946 | -8/Scraptown | Visited The Evicted 2975 | -8/Scraptown | Visited Red Mages 3020 | -8/Scraptown | Visited Cyclists 3037 | -8/Scraptown | Visited Bundlers 3057 | -8/Scraptown | Visited Supply Room 3103 | -8/Scraptown | Visited Cave Peace 3165 | -8/Scraptown | Visited UFD Registry 3165 | -8/Scraptown | Registered with UFD as "Nullchip" 3211 | -8/Scraptown | Visited Cartography Club 3232 | -8/Scraptown | Visited LU-1G1's Boring Crew 3254 | -8/Scraptown | Visited DA-N13 Charitable Foundation 3272 | -8/Scraptown | Visited Modified Component R&D 3358 | -8/Scraptown | Discovered new exit (range 5) 3431 | -8/Scraptown | Visited Junk Repository 3449 | -8/Scraptown | Visited Scrapoid Pod Storage 3467 | -8/Scraptown | Visited A0-MCA Data Center 3483 | -8/Scraptown | Visited Scrapoid Research Area 3501 | -8/Scraptown | Visited Science Guys 3543 | -8/Scraptown | Visited Curators Association 3834 | -8/Scraptown | Found Scrapoid Pod 3867 | -8/Scraptown | Given a B rating by A0-MCA 3873 | -8/Scraptown | Found A0-MCA's Component Scanner 3934 | -8/Scraptown | Found DCF Scrap (31 items) 4024 | -8/Scraptown | Found Scrap Suit 4303 | -8/Scraptown | Found Surveybot 17 Chip 4348 | -8/Scraptown | Learned location of Recycling (-8) 4348 | -8/Scraptown | Learned location of Archives (-4) 4348 | -8/Scraptown | Learned 16 Materials zone layouts 4348 | -8/Scraptown | Learned 16 Research zone layouts 4348 | -8/Scraptown | Learned 4 Recycling zone layouts 4348 | -8/Scraptown | Learned 8 Lower Caves zone layouts 4348 | -8/Scraptown | Learned 12 Lower Caves zone layouts 4348 | -8/Scraptown | Learned 8 Upper Caves zone layouts 4348 | -8/Scraptown | Learned 12 Upper Caves zone layouts 4348 | -8/Scraptown | Learned 16 Upper Caves zone layouts 4348 | -8/Scraptown | Learned 8 Proximity Caves zone layouts 4348 | -8/Scraptown | Learned 12 Proximity Caves zone layouts 4348 | -8/Scraptown | Learned location of 3 exits from Upper Caves 4348 | -8/Scraptown | Learned location of 2 exits from Proximity Caves 4378 | -8/Scraptown | Found Deep Structural Scanner 4601 | -8/Scraptown | Met Optimus 4601 | -8/Scraptown | Accepted into 0bPrime 4679 | -8/Scraptown | Entered Factory 4679 | -6/Factory | Evolved 8 slots: Power x1, Propulsion x3, Utility x2, Weapon x2 4680 | -6/Factory | Identified exit to Lower Caves 4681 | -6/Factory | Loaded intel: 113 trap records 5046 | -6/Factory | Lost 3 parts (2n1w) 5187 | -6/Factory | Lost 6 parts (1p2n1u2w) 5352 | -6/Factory | Entered Lower Caves 5456 | -6/Lower Caves | Build established: Scavenger-Scrapper 5501 | -6/Lower Caves | Attracted the attention of an 0b10 outpost 5713 | -6/Lower Caves | Attracted the attention of an 0b10 checkpoint 6010 | -6/Lower Caves | Build established: Scavenger-Gunner 6223 | -6/Lower Caves | Discovered new exit (range 13) 6354 | -6/Lower Caves | Entered another Lower Caves area 6354 | -6/Lower Caves | Accompanied by 2 allies 6553 | -6/Lower Caves | Encountered a Warlord checkpoint 6629 | -6/Lower Caves | Found Prototype Device 6930 | -6/Lower Caves | Discovered new exit (range 9) 7048 | -6/Lower Caves | Entered Data Miner 7048 | -6/Data Miner | Accompanied by 1 ally 7048 | -6/Data Miner | Discovered new exit (range 6) 7070 | -6/Data Miner | Met Data Miner 7093 | -6/Data Miner | Acquired the access code to Warlord's prototype stash 7093 | -6/Data Miner | Learned location of Section 7 (-2) 7112 | -6/Data Miner | Received God Mode back door access code from Data Miner 7141 | -6/Data Miner | Entered Proximity Caves 7141 | -5/Proximity Caves | Accompanied by 1 ally 7142 | -5/Proximity Caves | Identified exit to Factory 7173 | -5/Proximity Caves | Build established: Gunner 7360 | -5/Proximity Caves | Spotter reported a threat 7413 | -5/Proximity Caves | Spotter reported a threat 7448 | -5/Proximity Caves | Spotted B-75 Beast 7466 | -5/Proximity Caves | Spotter reported a threat 7498 | -5/Proximity Caves | Build established: Derelict-Gunner 7624 | -5/Proximity Caves | Spotter reported a threat 7677 | -5/Proximity Caves | Spotter reported a threat 7687 | -5/Proximity Caves | Attracted the attention of an 0b10 checkpoint 7879 | -5/Proximity Caves | Entered Factory 7879 | -5/Factory | Evolved 2 slots: Utility x2 8013 | -5/Factory | Identified Heart of Steel 8164 | -5/Factory | Build established: Derelict-Tank 8179 | -5/Factory | Search patrols dispatched 8479 | -5/Factory | Search patrols dispatched 8549 | -5/Factory | Destroyed 9 combat bots 8772 | -5/Factory | Found Prototype Launcher 8781 | -5/Factory | Identified Smartbomb Launcher 8973 | -5/Factory | Destroyed 8 combat bots 8989 | -5/Factory | Lost 3 parts (2n1u) 9171 | -5/Factory | Spotted B-75 Beast 9205 | -5/Factory | Destroyed B-75 Beast 9420 | -5/Factory | Identified exit to Upper Caves 9457 | -5/Factory | Build established: Tank 9681 | -5/Factory | Discovered new exit (range 15) 9716 | -5/Factory | Discovered new exit (range 9) 10279 | -5/Factory | First assault squad dispatched 10302 | -5/Factory | Incoming assault squad redirected 10328 | -5/Factory | Entered Upper Caves 10329 | -5/Upper Caves | Identified exit to Upper Caves 10432 | -5/Upper Caves | Build established: Scientist-Tank 10896 | -5/Upper Caves | Learned 4 Factory zone layouts 10903 | -5/Upper Caves | Build established: Scientist-Gunner 10932 | -5/Upper Caves | Learned 8 Factory zone layouts 11194 | -5/Upper Caves | Entered another Upper Caves area 11195 | -5/Upper Caves | Identified exit to Factory 11195 | -5/Upper Caves | Identified exit to Warlord 11288 | -5/Upper Caves | Encountered a Warlord checkpoint 11397 | -5/Upper Caves | Attacked by a delusional Derelict stockpiling Unaware 11505 | -5/Upper Caves | Entered an active Warlord outpost 11513 | -5/Upper Caves | Learned Extension garrison access intel 11513 | -5/Upper Caves | Learned Armory garrison access intel 11637 | -5/Upper Caves | Attracted the attention of an 0b10 outpost 12012 | -5/Upper Caves | Attracted the attention of an 0b10 checkpoint 12110 | -5/Upper Caves | Learned location of 1 exit from Factory 12862 | -5/Upper Caves | Build established: Scavenger-Gunner 13493 | -5/Upper Caves | Heart of Steel transformed into Warbot 13513 | -5/Upper Caves | Acquired the password to a Derelict Tinkerer's latest research 13522 | -5/Upper Caves | Found Prototype Special Weapon 13577 | -5/Upper Caves | Entered Warlord 13577 | -5/Warlord | Accompanied by 1 ally (Warbot) 13578 | -5/Warlord | Identified exit to Proximity Caves 14105 | -5/Warlord | Rebuked by Warlord 14130 | -5/Warlord | Warlord's base attacked by MAIN.C 14189 | -5/Warlord | Opened Warlord's prototype stash 14193 | -5/Warlord | Found Prototype Device 14193 | -5/Warlord | Identified Thermal Barrier 14213 | -5/Warlord | Found Prototype Reactor 14252 | -5/Warlord | Found Prototype Energy Gun 14252 | -5/Warlord | Identified Vortex Rail 14258 | -5/Warlord | Found Vortex Rail 14391 | -5/Warlord | Identified Vortex Chain Reactor 14396 | -5/Warlord | Found Prototype Device 14480 | -5/Warlord | Warlord forces counterattacked 14526 | -5/Warlord | Spotted Striker 14556 | -5/Warlord | Spotted Striker 14630 | -5/Warlord | Spotted Executioner 14637 | -5/Warlord | Lost 18 allies 14650 | -5/Warlord | Entered Proximity Caves 14673 | -4/Proximity Caves | Build established: Gunner 15001 | -4/Proximity Caves | Spotted B-86 Titan 15214 | -4/Proximity Caves | Attracted the attention of an 0b10 base 15262 | -4/Proximity Caves | Lost 3 parts (1u2w) 15289 | -4/Proximity Caves | Destroyed 16 combat bots 15325 | -4/Proximity Caves | System corruption reached 10% 15377 | -4/Proximity Caves | Entered Factory 15377 | -4/Factory | Evolved 2 slots: Propulsion x1, Utility x1 15378 | -4/Factory | Identified exit to Research 15379 | -4/Factory | Identified exit to Extension 15811 | -4/Factory | Discovered exit to Extension (range 10) 15976 | -4/Factory | Build established: Scavenger-Gunner 16132 | -4/Factory | Spotted B-86 Titan 16147 | -4/Factory | Destroyed B-86 Titan 16334 | -4/Factory | Build established: Scavenger-Tank 16413 | -4/Factory | Noticed a derelict Sapper rigging charges 16534 | -4/Factory | System corruption reached 10% 16775 | -4/Factory | Lost 3 parts (1n2u) 16896 | -4/Factory | Lost 4 parts (2n2u) 16903 | -4/Factory | Destroyed 8 combat bots 16959 | -4/Factory | Incoming investigation squad redirected 17053 | -4/Factory | Fabricated Hvy. Siege Treads (x1) 17226 | -4/Factory | Sucked down chute 17226 | -4/Factory | Entered Waste 17227 | -4/Waste | Identified exit to Factory 17240 | -4/Waste | Spotted C-40 Crusher 17241 | -4/Waste | EMP discharged 17249 | -4/Waste | Spotted C-40 Crusher 17283 | -4/Waste | Spotted C-40 Crusher 17289 | -4/Waste | Spotted C-40 Crusher 17289 | -4/Waste | Spotted C-40 Crusher 17290 | -4/Waste | Spotted C-40 Crusher 17324 | -4/Waste | Crushed by Compactor (0 parts destroyed, 1 dropped) 17327 | -4/Waste | Crushed by Compactor (1 part destroyed, 2 dropped) 17341 | -4/Waste | EMP discharged 17370 | -4/Waste | Entered Factory 17519 | -4/Factory | Spotted B-86 Titan 17552 | -4/Factory | Discovered exit to Research (range 10) 17702 | -4/Factory | Discovered new exit (range 10) 17780 | -4/Factory | Destroyed B-86 Titan 17846 | -4/Factory | Found Unknown Protection 17846 | -4/Factory | Identified Hvy. Reflective Plating 18030 | -4/Factory | Destroyed 7 combat bots 18128 | -4/Factory | Entered Upper Caves 18129 | -4/Upper Caves | Identified exit to Upper Caves 18302 | -4/Upper Caves | Attracted the attention of an 0b10 checkpoint 18452 | -4/Upper Caves | Build established: Scavenger-Gladiator 18545 | -4/Upper Caves | Spotted B-86 Titan 18783 | -4/Upper Caves | Learned Research stockpile data 18852 | -4/Upper Caves | Entered another Upper Caves area 18852 | -4/Upper Caves | Discovered exit to Research (range 10) 18909 | -4/Upper Caves | Encountered a Warlord checkpoint 19167 | -4/Upper Caves | Spotted B-86 Titan 19604 | -4/Upper Caves | Discovered new exit (range 8) 19615 | -4/Upper Caves | Entered Zhirov 19615 | -4/Zhirov | Discovered new exit (range 3) 19645 | -4/Zhirov | Met Zhirov 19674 | -4/Zhirov | Learned location of Quarantine (-3) 19674 | -4/Zhirov | Learned location of Command (-1) 19689 | -4/Zhirov | Zhirov requested help retrieving the SGEMP Prototype 19718 | -4/Zhirov | Found Alien Artifact 19718 | -4/Zhirov | Identified Integrated Reactor 19718 | -4/Zhirov | Installed Integrated Reactor, increased core energy generation (+10) 19923 | -4/Zhirov | Found Alien Artifact 19988 | -4/Zhirov | Entered Proximity Caves 19994 | -3/Proximity Caves | Spotter reported a threat 19994 | -3/Proximity Caves | Spotter reported a threat 20058 | -3/Proximity Caves | Spotter reported a threat 20422 | -3/Proximity Caves | Entered Research 20422 | -3/Research | Evolved 2 slots: Utility x2 20423 | -3/Research | Identified exit to Armory 20424 | -3/Research | Identified exit to Quarantine 20672 | -3/Research | Search patrols dispatched 20743 | -3/Research | Found Prototype Processor 20856 | -3/Research | Identified Exp. Signal Interpreter 20922 | -3/Research | Search patrols dispatched 21009 | -3/Research | Lost 3 parts (1u2w) 21194 | -3/Research | Found Launcher Loader 21521 | -3/Research | System corruption reached 10% 21599 | -3/Research | Lost 5 parts (3n2u) 21627 | -3/Research | System corruption reached 30% 21667 | -3/Research | Lost 9 parts (1n7u1w) 21716 | -3/Research | Self-destructed Last Messages --------------- 21702_ Adv. Heat Sink fried. 21702_ Unknown Energy Gun fried. 21703_ K-01 Serf collects debris. 21709_ Penetrated by Slug. 21709_ Slug penetrates Wall. 21711_ Power failure, Rnf. Fission Core shutdown. 21712_ K-01 Serf collects debris. 21714_ Power failure, Hvy. Antimatter Reactor shutdown. 21714_ System corrupted: FCS attempts to trigger HERF Cannon. 21714_ System corrupted: HERF Cannon misfires. 21714_ P-80 Master resets Y-72 Warden, system corruption cleaned. 21715_ Flexi-carbon Leg broken. 21715_ Overheating: Short circuit. 21716_ Overheating: Energy bleed (-117). 21716_ K-01 Serf collects debris. 21716_ Flexi-carbon Leg destroyed. Map ----- +----------------------------------------------------+ | ?????????????????????????????????????????????????? | | ?????????????????????????????????????????????????? | | ?????????????????????????????????????????????????? | | ?????????????????????????????????????????????????? | | ?????????????????????????????????????????????????? | | ?????????????????????????????????????????????????? | | ??????????????????????????????????????????!??????? | | ?????????????????????????????????????????????????? | | ?????????????????????????????????????????????????? | | ?????????????????????????????????????????????????? | | ?????????????????????????????????????????????????? | | ?????????????????????????????????????????????????? | | ???????????????????????*????????????????????[????? | | ?????????????????????????????????????????????????? | | ?????????????????????????????????????????????????? | | ?????????????????????????????????????????????????? | | ???????????????????????#+#???????????????????????? | | ??????????????????????? ???????????????????????? | | ??????????????????????? ???????????????????????? | | ??????????? "T ???? ???????????????????????? | | ??????????? ####?? ????????????????????? | | ??????????? ###### ##+#??????????????????? | | ???????????############# ### ??????????????????? | | ############## ########=### ??????????????????? | | ##### ## ###############Y### ??????????????????? | | ##### ## ######## #[@ # ??????????????????? | | ########+######## %+ k #! ??????????????????? | | #### #### # !# ??????????????????? | | #### =#### # =%# ??????????????????? | | #### #### # !#######???????????????? | | # #### =!%%!# #######???????????????? | | # " F" #######+### p#######???????????????? | | # """" #### =!! #######???????????????? | | + #### %[=%* !! ????????????? | | # + [ !! ??????????? | | ###############+#### ! ???????????? | | # # %=%# ???????????? | | # # = # ????????????? | | # # # ????????????? | | # """ # "" "" # ????????????? | | + """ # ""R"" # ?????????????? | | # """ # """" # "F "" ?????????????? | | # # # """"???????????????? | | # # ! # ""?????????????????? | | + ######+#### ####?????????????????? | | ############### #### ####?????????????????? | | ##### ## #### ####?????????????????? | | ##### ## #### ####?????????????????? | | +#+#####""" # ####?????????????????? | | #""" + ####?????????????????? | +----------------------------------------------------+ Best States ------------- Heat Dissipation 99 Coolant Potential 120 Energy Generation 55 Energy Capacity 760 Matter Stores 550 Matter Capacity 550 Sight Range 16 Robot Scan Range 16 Terrain Scan Density 10 Jamming Range 16 Base Temperature (-) 200 Armor Coverage 1200 Resistance: KI 30 Resistance: TH 50 Propulsion Shielding 90 Weapon Cycling 20 Melee Speed Boost 50 Phase Shifting 10 Evasion (%) 70 Targeting Accuracy 8 Target Analysis 8 Core Analysis 6 Recoil Reduction 6 Matter Filtering 50 Energy Filtering 50 Offensive Hacking 14 Item Schematics ----------------- Combat Drone Bay | -6/Data Miner | Free Lgt. Regenerative Plating | -6/Data Miner | Free Cld. Nuclear Pulse Thruster | -6/Data Miner | Free Prc. Energy Filter | -6/Data Miner | Free Kinetic Spear | -6/Data Miner | Free Hvy. Siege Treads | -6/Data Miner | Free Imp. Phase Shifter | -6/Data Miner | Free Force Lance | -6/Data Miner | Free Assault Drone Bay | -4/Zhirov | Free Exp. Heat Sink | -4/Zhirov | Free Exp. Optical Array | -4/Zhirov | Free Imp. Arc Thrower | -4/Zhirov | Free Robot Schematics ------------------ L-41 Fighter | -6/Data Miner | Free R-10 Processor | -6/Data Miner | Free Fabricated ------------ Hvy. Siege Treads | x1 | -4/Factory Repaired ---------- Nothing Studied --------- Hyp. Gauss Cannon | -5/Factory | Hacked Hvy. Shock Bomb Launcher | -5/Factory | Hacked Arm. Huge Wheel | -5/Factory | Hacked Adv. Plasma Cannon | -5/Factory | Hacked Com. Wheel | -5/Factory | Hacked Wheel | -5/Factory | Hacked Alien Tech Used ----------------- Integrated Reactor Achievements -------------- Brother of Steel Suspicious By Nature Challenges ------------ None Game ------ Seed LobotomyLargeSteel Manual? 0 Play Time 05:34:49 Cumulative 465.3 hours Start 2026.03.20 @ 12:13:38 End 2026.03.24 @ 09:52:33 Sessions 17 Manual Loads 0 Difficulty Rogue Special Mode None Game No. 83 Rogue 83 Adventurer 0 Explorer 0 Win Type - Total 16 Types 7/1/5/1/0/0/1/1/0/0 Lore% 82 Gallery% 75 Achievement% 70 Wizard Run 0 Options --------- Layout 1 ASCII 0 Keyboard 1 Movement Vi Keybinds 1 Fullscreen 1 Font 36/Tamsyn Map View 50x40 Zoom Use 0% Tactical HUD 1 Map Filters NONE Filters NONE Steam 1 RUN: b0745a00-9720-48c4-8d61-a1af1fc6bc2b